 Dungeon Crawl Stone Soup version 0.26.1-11-gd32895ea62 (webtiles) character file.

Game seed: 5577400845613283952

8964 Gerhazo the Destroyer (level 11, -20/92 HPs)
             Began as a Green Draconian Conjurer on June 2, 2021.
             Was a Priest of Vehumet.
             Killed from afar by a molten gargoyle (25 damage)
             ... with a bolt of magma
             ... on level 11 of the Dungeon.
             The game lasted 00:20:24 (12054 turns).

Gerhazo the Destroyer (Green Draconian Conjurer)   Turns: 12054, Time: 00:20:24

Health: -20/92     AC:  9    Str:  9    XL:     11   Next: 16%
Magic:  7/21       EV: 15    Int: 31    God:    Vehumet [***...]
Gold:   553        SH:  0    Dex: 11    Spells: 16/23 levels left

rFire    . . .     SeeInvis .   H - +4 falchion of Midwinter {flame, rC+ Will+ Int+4}
rCold    + . .     Faith    .   (no shield)
rNeg     . . .     Spirit   .   (armour unavailable)
rPois    +         Reflect  .   (helmet restricted)
rElec    .         Harm     .   (no cloak)
rCorr    .         Rampage  .   e - +0 pair of gloves
Will     +....                  r - +0 pair of boots
Stlth    ++........             B - amulet of regeneration
HPRegen  0.65/turn              y - +6 ring of intelligence
MPRegen  0.17/turn              q - ring of wizardry

@: short of breath
A: breathe noxious fumes, unfitting armour, poison resistance, cold-blooded, AC
+7
a: Breathe Noxious Fumes, Renounce Religion


You were on level 11 of the Dungeon.
You worshipped Vehumet.
Vehumet was most pleased with you.
You visited 2 branches of the dungeon, and saw 12 of its levels.

You collected 553 gold pieces.

Inventory:

Hand Weapons
 H - the +4 falchion of Midwinter (weapon) {flame, rC+ Will+ Int+4}
   (You found it on level 10 of the Dungeon)

   It has been specially enchanted to burn those struck by it, causing extra
   injury to most foes and up to half again as much damage against particularly
   susceptible opponents.
   Big, fiery blades are also staple armaments of hydra-hunters.
   It affects your intelligence (+4).
   It protects you from cold.
   It affects your willpower, your defense against some magical effects.
Armour
 e - a +0 pair of gloves (worn)
 r - a +0 pair of boots (worn)
 C - a scarf of shadows
Jewellery
 h - a +4 ring of evasion
 q - a ring of wizardry (right hand)
 y - a +6 ring of intelligence (left hand)
 B - an amulet of regeneration (around neck)
Wands
 i - a wand of random effects (10)
 j - a wand of flame (17)
 p - a wand of iceblast (22)
 F - a wand of acid (5)
Scrolls
 a - 13 scrolls of identify {unknown}
 b - 3 scrolls of fog {unknown}
 k - 2 scrolls of amnesia {unknown}
 l - 4 scrolls of remove curse {unknown}
 m - 4 scrolls of teleportation {unknown}
 o - a scroll of noise {unknown}
 t - 3 scrolls of enchant armour {unknown}
 u - 3 scrolls of immolation {unknown}
 v - a scroll of random uselessness {unknown}
 x - a scroll of enchant weapon {unknown}
 A - a scroll of acquirement {unknown}
 G - 3 scrolls of vulnerability {unknown}
Potions
 c - 3 potions of curing
 d - 3 potions of haste {unknown}
 f - 2 potions of berserk rage {unknown}
 g - 2 potions of might
 n - 3 potions of lignification {unknown}
 s - 3 potions of attraction {unknown}
 w - a potion of cancellation {unknown}
 z - a potion of heal wounds {unknown}
 D - a potion of degeneration {unknown}


   Skills:
 + Level 7.4 Fighting
 + Level 6.5 Dodging
 - Level 1.7 Stealth
 + Level 6.9 Spellcasting
 + Level 10.5 Conjurations
 + Level 8.0 Fire Magic


You had 16 spell levels left.
You knew the following spells:

 Your Spells              Type           Power        Failure   Level
a - Magic Dart            Conj           100%         1%          1
b - Searing Ray           Conj           100%         1%          2
d - Iskenderun's Mystic   Conj/Tloc      43%          1%          4

Your spell library contained the following spells:

 Spells                   Type           Power        Failure   Level
 Inner Flame              Hex/Fire       35%          1%          3
 Animate Skeleton         Necr           20%          1%          1
 Apportation              Tloc           20%          1%          1
 Beastly Appendage        Tmut           20%          1%          1
 Corona                   Hex            11%          1%          1
 Pain                     Necr           40%          1%          1
 Sandblast                Erth           20%          1%          1
 Summon Small Mammal      Summ           40%          1%          1
 Dazzling Flash           Conj/Hex       86%          1%          3
 Stone Arrow              Conj/Erth      86%          1%          3
 Fulminant Prism          Conj/Hex       21%          1%          4
 Ensorcelled Hibernation  Hex/Ice        20%          2%          2
 Passwall                 Tmut/Erth      8%           2%          2
 Wereblood                Tmut           10%          2%          2
 Confusing Touch          Hex            10%          6%          3
 Spider Form              Tmut/Pois      5%           6%          3
 Tukima's Dance           Hex            10%          6%          3
 Vampiric Draining        Necr           5%           6%          3
 Lee's Rapid Deconstruct  Erth           5%           13%         5
 Animate Dead             Necr           5%           17%         4
 Ice Form                 Ice/Tmut       10%          17%         4
 Petrify                  Tmut/Erth      10%          17%         4
 Agony                    Necr           10%          43%         5
 Blade Hands              Tmut           5%           43%         5


Dungeon Overview and Level Annotations

Branches:
Dungeon (11/15)            Temple (1/1) D:7             Orc (0/2) D:9
   Lair: D:8-11

Altars:
Ashenzari
Cheibriados
Dithmenos
Elyvilon
Fedhas
Gozag
Hepliaklqana
Kikubaaqudgha
Makhleb
Nemelex Xobeh
Okawaru
Qazlal
Ru
Sif Muna
Trog
Uskayaw
Vehumet
Wu Jian
Xom
Yredelemnul
Zin
The Shining One

Shops:
D:6 =   D:9 (


Innate Abilities, Weirdness & Mutations

You can breathe blasts of noxious fumes.
Your lurid green scales are hard. (AC +7)
You cannot fit into any form of body armour.
Your system is resistant to poisons. (rPois)
You are cold-blooded and may be slowed by cold attacks.


Message History

* * * LOW HITPOINT WARNING * * *
You are engulfed in flames!
* * * LOW HITPOINT WARNING * * *
It was a potion of curing.
You feel better.
The molten gargoyle hits you with a +0 mace.
* * * LOW HITPOINT WARNING * * *
You are engulfed in flames!
* * * LOW HITPOINT WARNING * * *
Unknown command.
Casting: Searing Ray (safe; 1% risk of failure)
Confirm with . or Enter, or press ? or * to list all spells.
You erupt in a blast of force!
The mystic blast hits the molten gargoyle but does no damage.
The molten gargoyle is heavily damaged.
The mystic blast hits the molten gargoyle but does no damage.
The molten gargoyle is almost destroyed.
You hear a bellow! x2
The molten gargoyle blasts magma at you!
The bolt of magma hits you!!
You die...

################
#..............#
#.############.#
#.# #.# #.# #.#
# #@# #.### #9#
#.##≈ #9# #.#≈.
#.# #.≈≈. #.#
#.≈≈† #.# #.≈≈.
#.# ##.#≈.
#..Y...# #.....
#.......# #.....


You could see a yak (confused) and 2 molten gargoyles.

Vanquished Creatures
  2 two-headed ogres
  2 cyclopes (D:11)
  2 trolls
  Grinder (D:3)
  Sigmund (D:3)
  2 wraiths
  A wyvern (D:8)
  9 yaks
  Duvessa (D:5)
  4 water moccasins
  2 sky beasts
  An eye of draining (D:8)
  A black bear (D:11)
  An orc warrior (D:9)
  An ice beast (D:10)
  3 phantoms
  2 ogres
  4 centaurs
  A big kobold (D:9)
  7 bullfrogs
  Dowan (D:5)
  A wyvern skeleton (D:9)
  A water moccasin zombie (D:11)
  3 scorpions
  A water moccasin skeleton (D:9)
  8 wights
  4 howler monkeys
  2 centaur zombies
  2 bullfrog zombies
  A quasit (D:7)
  3 hounds
  An orc priest (D:4)
  A jelly (D:5)
  2 bullfrog skeletons
  2 centaur skeletons
  2 iguanas
  Ijyb (D:5)
  8 orc wizards
  9 worker ants
  2 killer bee zombies
  6 hound skeletons
  2 worker ant zombies
  6 adders
  A howler monkey skeleton (D:8)
  A shadow imp (D:5)
  2 white imps
  2 ufetubi
  3 oozes
  3 adder zombies
  5 worms
  A dart slug (D:2)
  4 leopard geckos
  38 orcs
  A ball python (D:2)
  5 giant cockroaches
  8 hobgoblins
  19 jackals
  2 quokkas
  8 bats
  4 frilled lizards
  A giant cockroach zombie (D:6)
  6 goblins
  3 kobolds
  A leopard gecko zombie (D:6)
  A quokka skeleton (D:4)
  A quokka zombie (D:6)
  8 rats
245 creatures vanquished.

Vanquished Creatures (others)
  4 withered plants (D:6)
4 creatures vanquished.

Grand Total: 249 creatures vanquished

Notes
Turn   | Place    | Note
-------+----------+-------------------------------------------
     0 | D:1      | Gerhazo the Draconian Conjurer began the quest for the Orb.
     0 | D:1      | Reached XP level 1. HP: 14/14 MP: 3/3
   320 | D:1      | Reached XP level 2. HP: 20/20 MP: 1/5
   522 | D:1      | Learned a level 2 spell: Searing Ray
   694 | D:2      | Reached XP level 3. HP: 26/26 MP: 0/6
   829 | D:4      | Found an iron altar of Okawaru.
   886 | D:4      | Noticed a phantom
   952 | D:5      | Entered Level 5 of the Dungeon
  1281 | D:4      | Killed a phantom
  1282 | D:4      | Reached skill level 5 in Conjurations
  1282 | D:4      | Reached XP level 4. HP: 33/33 MP: 2/8
  1362 | D:4      | Reached XP level 5. HP: 28/38 MP: 1/9
  1634 | D:4      | Found a glowing silver altar of Zin.
  1635 | D:4      | Found an opulent altar of Gozag.
  1758 | D:4      | Reached skill level 6 in Conjurations
  1813 | D:4      | Noticed an ogre
  1818 | D:4      | Killed an ogre
  1819 | D:4      | Reached XP level 6. HP: 45/45 MP: 5/11
  2318 | D:5      | Reached skill level 7 in Conjurations
  2391 | D:5      | Noticed Ijyb
  2397 | D:5      | Killed Ijyb
  2656 | D:5      | Found a white marble altar of Elyvilon.
  2706 | D:5      | Noticed a yak
  2706 | D:5      | Noticed a yak
  2706 | D:5      | Noticed a yak
  2728 | D:5      | Killed a yak
  2729 | D:5      | Your scales start taking on a lurid green colour.
  2729 | D:5      | Reached XP level 7. HP: 50/50 MP: 5/13
  2729 | D:5      | Gained mutation: Your system is resistant to poisons.
                  | (rPois) [Green Draconian growth]
  2734 | D:5      | Killed a yak
  2735 | D:5      | Reached skill level 8 in Conjurations
  2760 | D:5      | Killed a yak
  2761 | D:5      | Reached skill level 5 in Spellcasting
  3121 | D:5      | Reached XP level 8. HP: 50/57 MP: 9/15
  3365 | D:5      | Noticed Dowan
  3374 | D:5      | Noticed Duvessa
  3383 | D:5      | Killed Duvessa
  3476 | D:5      | Killed Dowan
  3477 | D:5      | Reached skill level 9 in Conjurations
  4305 | D:6      | Found Fyboask's Jewellery Shoppe.
  4364 | D:6      | Reached skill level 10 in Conjurations
  4439 | D:6      | Reached skill level 1 in Fighting
  5077 | D:7      | Reached XP level 9. HP: 55/68 MP: 13/18
  5464 | D:7      | Found a staircase to the Ecumenical Temple.
  5473 | Temple   | Entered the Ecumenical Temple
  5586 | Temple   | Became a worshipper of Vehumet
  5919 | D:2      | Found an opulent altar of Gozag.
  6323 | D:2      | Reached * piety under Vehumet
  6323 | D:2      | Offered knowledge of Shock by Vehumet.
  6479 | D:2      | Reached skill level 1 in Fire Magic
  6950 | D:3      | Noticed Grinder
  6957 | D:3      | Paralysed by Grinder for 6 turns
  6964 | D:3      | Killed Grinder
  7030 | D:3      | Found a faded altar of an unknown god.
  7603 | D:3      | Noticed Sigmund
  7607 | D:3      | Killed Sigmund
  7710 | D:3      | Found a snail-covered altar of Cheibriados.
  8819 | D:8      | Learned a level 4 spell: Iskenderun's Mystic Blast
  8825 | D:8      | Found a shadowy altar of Dithmenos.
  8923 | D:8      | Reached skill level 5 in Fighting
  8939 | D:8      | Reached skill level 5 in Fire Magic
  9097 | D:8      | Offered knowledge of Foxfire by Vehumet.
  9218 | D:8      | Reached ** piety under Vehumet
  9219 | D:8      | Reached XP level 10. HP: 79/81 MP: 0/19
  9589 | D:9      | Reached skill level 5 in Dodging
  9676 | D:9      | Offered knowledge of Conjure Flame by Vehumet.
  9915 | D:9      | Reached *** piety under Vehumet
 10162 | D:9      | Found a staircase to the Orcish Mines.
 10216 | D:9      | Noticed a two-headed ogre
 10252 | D:9      | Killed a two-headed ogre
 10434 | D:9      | Found Feucuq's Weapon Emporium.
 10980 | D:10     | Entered Level 10 of the Dungeon
 11026 | D:10     | Offered knowledge of Inner Flame by Vehumet.
 11081 | D:10     | Got a brightly glowing falchion
 11083 | D:10     | Identified the +4 falchion of Midwinter {flame, rC+ Will+
                  | Int+4} (You found it on level 10 of the Dungeon)
 11149 | D:10     | Noticed a two-headed ogre
 11156 | D:10     | Killed a two-headed ogre
 11157 | D:10     | Reached XP level 11. HP: 92/92 MP: 13/21
 12054 | D:11     | Killed from afar by a molten gargoyle

Illustrated notes

Levels and vault maps discovered:
D:1:      lightli_arrival_windingriver, layout_rooms, minmay_misc_feat_columns
D:2:      kennysheep_six_static_rooms, layout_basic, nicolae_gozag_seed_capital
D:3:      layout_basic, nicolae_overflow_hidden_temple,
          chequers_ecumenical_altar_simple_redux, uniq_sigmund, uniq_grinder
D:4:      layout_basic, grunt_temple_overflow_gold_and_silver,
          okawaru_ov_weapons_minmay
D:5:      layout_loops_corners, elyvilon_altar_4, kennysheep_another_room,
          uniq_duvessa, uniq_ijyb
D:6:      layout_cave_pools, serial_undead, serial_undead_e, serial_undead_b,
          serial_undead_f, serial_undead_f, serial_shops,
          nicolae_shop_statue_plus, dk_noncrumbling_4
D:7:      layout_gridville, minmay_temple_entry_trees, kennysheep_nub
D:8:      layout_rooms, marbit_many_paths, minmay_strange_pillars
D:9:      layout_loops_ring, hiddenorc1_lemuel, serial_shops, shop_fountains,
          lightli_corner_chamber
D:10:     layout_basic
D:11:     layout_basic, minmay_lair_entry_lava, nicolae_trove_entry_crossroad,
          serial_park_tiny_2, minivault_8, uniq_sonja, uniq_erica
Temple:   regret_index_temple_sphere_string

Skill      XL: |  1  2  3  4  5  6  7  8  9 10 11 |
---------------+----------------------------------+-----
Spellcasting   | 3 4 5 6 |  6.9
Conjurations   | 5 6 7 8 10 | 10.5
Fighting       | 2 5 7 |  7.4
Dodging        | 2 4 6 |  6.5
Fire Magic     | 5 7 8 |  8.0
Stealth        | |  1.7

Action                   |  1- 3 |  4- 6 |  7- 9 | 10-12 || total
-------------------------+-------+-------+-------+-------++-------
Melee: Unarmed           |     5 |       |       |       ||     5
       Hand axe          |    15 |     2 |       |       ||    17
       Tailslap          |     1 |       |     1 |     2 ||     4
       Dagger            |       |       |    15 |    20 ||    35
       Mace              |       |       |       |     1 ||     1
 Cast: Magic Dart        |    11 |       |       |       ||    11
       Searing Ray       |    14 |    24 |   123 |    62 ||   223
       Iskenderun's Myst |       |       |       |     6 ||     6
 Abil: Breathe Noxious F |       |       |     3 |    14 ||    17
  Use: Potion            |       |       |       |     1 ||     1
Armor: Skin              |    12 |     6 |    35 |    17 ||    70
Dodge: Dodged            |    25 |    10 |    89 |    50 ||   174
       Rpst.: Falchion   |       |       |       |     3 ||     3
